Map: 10000 Feet LE

Players

HUMAN

  • Race: Zerg Zerg
  • League: Gold
  • Spawn Location: 11:00

A.I. 1 (Hard) - Winner!

  • Race: Terran Terran
  • Spawn Location: 5:00

VOD

Have the link to the VOD?

Description

Time

  • Played on: Dec. 22, 2025, 12:28 p.m.
  • Length: 13:51
Show
View Real Time Build Order
Export as new Build Order

HUMAN Zerg 

Build Orders: Hatch First 

Get SALT Encoding   

  12  0:02  Drone  
  13  0:16  Overlord  
  13  0:19  Drone  
  14  0:35  Drone  
  14  0:38  Drone  
  16  0:48  Drone  
  17  0:56  Drone  
  18  1:02  Hatchery, Overlord  
  17  1:12  Extractor  
  17  1:18  Drone  
  17  1:24  Spawning Pool  
  17  1:25  Drone  
  17  1:35  Drone  
  18  1:45  Drone  
  19  1:54  Overlord  
  19  2:08  Drone  
  20  2:14  Queen x2  
  24  2:21  Baneling Nest, Drone x2  
  25  2:29  Drone x2  
  27  2:45  Metabolic Boost  
  27  2:47  Overlord x2  
  27  2:56  Zergling x2  
  27  2:57  Zergling x2  
  29  3:18  Overlord x2  
  29  3:19  Hatchery  
  28  3:22  Lair  
  28  3:31  Zergling x2  
  28  3:32  Zergling x4  
  31  3:52  Roach Warren  
  31  3:53  Drone x2  
  32  3:55  Evolution Chamber  
  32  3:59  Drone x2  
  32  4:00  Evolution Chamber  
  32  4:06  Drone x2  
  32  4:09  Drone  
  35  4:15  Drone x2  
  37  4:22  Drone x2  
  39  4:30  Queen  
  41  4:32  Drone  
  42  4:39  Overseer  
  42  4:40  Overseer  
  42  4:51  Drone x4  
  42  4:52  Drone  
  47  4:55  Drone  
  47  4:56  Drone  
  47  4:59  Drone  
  50  5:10  Extractor  
  50  5:11  Centrifugal Hooks  
  49  5:15  Drone  
  49  5:16  Drone x7  
  49  5:17  Hydralisk Den  
  56  5:30  Drone x3  
  56  5:31  Drone  
  56  5:32  Overlord x2  
  60  5:41  Drone  
  60  5:42  Drone x2  
  63  5:46  Drone x2  
  63  5:47  Hydralisk  
  67  5:53  Extractor  
  67  5:54  Extractor  
  65  6:07  Queen  
  65  6:08  Queen  
  69  6:13  Grooved Spines  
  69  6:16  Drone  
  69  6:17  Drone x2  
  69  6:18  Drone x3  
  75  6:24  Extractor  
  74  6:27  Zergling x22, Infestation Pit, Extractor  
  83  6:41  Zerg Melee Weapons Level 1  
  83  6:46  Drone x3  
  86  6:47  Overlord  
  86  6:57  Roach x2  
  86  6:58  Roach  
  86  6:59  Baneling  
  88  7:07  Roach x3  
  88  7:08  Roach x4  
  95  7:30  Zergling x2  
  95  7:31  Zergling x12  
  102  7:43  Hive  
  102  7:44  Hatchery  
  101  7:49  Nydus Network, Spire  
  99  7:53  Lurker Den  
  98  8:09  Roach x4  
  98  8:11  Hatchery  
  105  8:13  Overlord, Zerg Ground Armor Level 1  
  105  8:14  Overlord x9  
  105  8:27  Hatchery  
  104  8:50  Hydralisk x10  
  104  8:53  Overlord x2  
  104  8:54  Overlord  
  124  8:58  Overseer  
  124  9:07  Baneling  
  124  9:08  Baneling x16  
  124  9:12  Drone x2  
  126  9:26  Drone  
  126  9:29  Drone  
  126  9:30  Drone  
  129  9:36  Queen  
  123  9:46  Seismic Spines  
  123  9:47  Muscular Augments  
  121  10:01  Pneumatized Carapace  
  121  10:02  Burrow  
  121  10:06  Overseer x3  
  121  10:07  Overlord x4  
  121  10:14  Zergling x2  
  121  10:15  Zergling x16  
  130  10:22  Queen  
  130  10:24  Queen  
  134  10:41  Greater Spire  
  134  10:43  Adaptive Talons  
  134  10:48  Ultralisk Cavern  
  134  10:49  Drone x8, Extractor  
  140  10:52  Ultralisk Cavern  
  140  10:53  Extractor  
  138  10:57  Spore Crawler  
  138  11:00  Spore Crawler  
  138  11:03  Drone x2  
  138  11:08  Spore Crawler  
  137  11:11  Drone x2  
  137  11:12  Drone  
  137  11:16  Drone x2  
  137  11:17  Drone x2  
  144  11:27  Overseer  
  144  11:31  Spore Crawler  
  141  11:33  Spore Crawler  
  125  11:50  Queen  
  125  11:53  Queen  
  129  11:56  Unknown  
  129  12:26  Queen  
  125  12:42  Anabolic Synthesis  
  125  12:50  Drone x3  
  125  12:51  Drone x2  
  130  12:54  Drone x4  
  134  13:10  Ultralisk  
  134  13:11  Ultralisk x9  
Show
View Real Time Build Order
Export as new Build Order

A.I. 1 (Hard) Terran - Winner!

Build Orders:  

Get SALT Encoding   

  12  0:00  SCV  
  13  0:13  SCV  
  14  0:18  Supply Depot  
  14  0:25  SCV  
  15  0:39  SCV  
  16  0:43  Barracks  
  16  0:49  Refinery  
  16  0:51  SCV  
  17  1:03  SCV  
  18  1:16  SCV  
  19  1:20  Supply Depot  
  19  1:28  SCV  
  19  1:30  Marine  
  21  1:39  Barracks  
  21  1:41  Orbital Command  
  21  1:47  Refinery  
  21  1:49  Barracks Tech Lab  
  21  2:05  Supply Depot  
  21  2:07  Marine  
  22  2:25  Marauder  
  22  2:28  Marine  
  25  2:38  Supply Depot  
  25  2:46  Marine  
  25  2:50  Marine  
  27  3:04  Marine  
  28  3:09  Marine  
  28  3:12  Supply Depot, SCV  
  30  3:22  Marine  
  30  3:25  Engineering Bay, SCV  
  32  3:27  Marine  
  33  3:37  SCV  
  33  3:40  Marine  
  35  3:49  SCV  
  36  3:58  Marauder  
  36  4:01  SCV  
  39  4:13  SCV  
  40  4:19  Marauder  
  42  4:41  Marauder  
  44  5:02  Marauder  
  46  5:23  Marauder  
  48  6:26  Barracks Tech Lab  
  48  6:27  Terran Infantry Weapons Level 1, Stimpack  
  48  6:29  Factory  
  48  6:32  Factory  
  48  6:35  Supply Depot  
  48  6:36  Missile Turret  
  48  6:37  Missile Turret  
  48  6:40  Barracks  
  48  6:44  Combat Shield  
  48  6:47  Command Center  
  48  6:58  Bunker  
  48  6:59  Supply Depot  
  48  7:01  Marine  
  33  7:10  Marine  
  33  7:13  Factory Tech Lab  
  33  7:15  Starport  
  28  7:18  Factory Tech Lab, Starport  
  28  7:19  Marine  
  29  7:29  Marine  
  30  7:38  Marine  
  31  7:47  Sensor Tower, Marine  
  32  7:51  Starport Tech Lab  
  32  7:55  Armory, Starport Tech Lab, Barracks Reactor  
  32  7:57  Marine  
  33  8:00  SCV  
  33  8:01  SCV  
  35  8:06  Marine  
  35  8:10  Raven  
  35  8:12  SCV  
  39  8:13  Raven, SCV  
  39  8:15  Marine  
  43  8:22  Terran Infantry Armor Level 1  
  43  8:23  Refinery  
  43  8:24  Missile Turret, SCV  
  43  8:25  Marauder, SCV  
  47  8:27  Missile Turret  
  47  8:34  Marauder  
  47  8:36  SCV  
  47  8:38  SCV  
  51  8:43  Siege Tank  
  51  8:46  Refinery  
  54  8:48  SCV  
  54  8:50  SCV  
  54  8:51  Bunker  
  54  8:53  Siege Tank  
  59  9:00  SCV  
  59  9:02  Concussive Shells, Marauder, SCV  
  63  9:12  SCV  
  63  9:14  SCV  
  63  9:16  Cyclone  
  68  9:25  SCV  
  68  9:26  SCV  
  70  9:37  SCV  
  68  9:38  Siege Tank  
  59  9:47  Marine  
  59  9:49  Raven  
  59  9:51  Viking  
  54  9:55  Hellion  
  54  9:59  Marauder  
  47  10:06  Marauder  
  36  10:11  Marine  
  35  10:21  Viking  
  35  10:23  Raven  
  35  10:25  Marine  
  40  10:34  Marine  
  40  10:43  Command Center  
  40  10:44  Marine  
  41  10:51  SCV  
  41  10:53  Marauder, Marine  
  41  10:56  Siege Tank  
  48  10:59  Marine  
  48  11:02  Marine  
  48  11:03  SCV  
  51  11:11  Marine  
  52  11:28  Command Center  
  52  11:31  SCV  
  52  11:40  Reaper  
  52  11:43  SCV  
  34  11:55  Raven  
  34  11:56  SCV  
  37  12:02  SCV  
  38  12:09  SCV  
  39  12:16  SCV  
  39  12:21  SCV  
  41  12:28  SCV  
  39  12:30  Raven  
  39  12:31  Marine  
  39  12:36  Marine  
  32  12:39  Marine  
  32  12:42  Marine  
  32  12:50  Marauder  
  34  12:51  SCV  
  34  12:53  SCV  
  34  12:57  Marine  
  37  12:59  Marine  
  37  13:02  Marine  
  39  13:10  Marine  
  40  13:15  Marauder  
  40  13:16  Medivac  
  40  13:18  Reaper  
  45  13:20  Medivac  
  47  13:32  Marine  
Tags
 
League
Gold
Matchup
TvZ
Spawn Locations
Cross Positions
Add a new tag
Caveats
  • Supply blocks, unpowered buildings, or Contaminate may cause inaccurate times.
  • Supply counts are checked every 10 seconds.